 Dungeon Sprint DCSS version 0.24.0-123-gd5b16e6ec5 (webtiles) character file.

Game seed: 16314780309200131116, levelgen mode: deterministic

125 McKennaii the Destroyer (level 4, -5/29 HPs)
             Began as a Draconian Conjurer on Jan 26, 2020.
             Slain by a neqoxec (6 damage)
             ... in the Dungeon (Sprint II: "The Violet Keep of Menkaure").
             The game lasted 00:00:26 (23 turns).

McKennaii the Destroyer (Draconian Conjurer)          Turns: 23, Time: 00:00:26

Health: -5/29      AC:  5    Str:  8      XL:     4   Next: 82%
Magic:  1/9        EV: 13    Int: 15 (17) God:
Gold:   0          SH:  0    Dex: 11      Spells: 10/11 levels left

rFire    . . .     SeeInvis .   (no weapon)
rCold    . . .     Gourm    .   (no shield)
rNeg     . . .     Faith    .   (armour unavailable)
rPois    .         Spirit   .   (helmet restricted)
rElec    .         Reflect  .   (no cloak)
rCorr    .         Harm     .   (no gloves)
MR       .....     NoTele   +   (no boots)
Stlth    ++........             (no amulet)
HPRegen  0.09/turn              (no ring)
MPRegen  0.11/turn              (no ring)

@: berserk cooldown, slowed, very slow
A: unfitting armour, blurry vision 1, frail 1, low mp 1, weak 1, cold-blooded,
AC +5
a: no special abilities


You were in the Dungeon.
You were not hungry.

You visited 1 branch

Inventory:

Scrolls
 h - a scroll of blinking
Potions
 c - a potion of curing
 d - a potion of heal wounds
 e - a potion of haste
 f - 2 potions of magic
Comestibles
 b - a ration


   Skills:
 + Level 2.8 Dodging
 + Level 2.8 Stealth
 * Level 4.4 Spellcasting
 + Level 8.8 Conjurations


You had 10 spell levels left.
You knew the following spells:

 Your Spells              Type           Power        Failure   Level  Hunger
a - Magic Dart            Conj           ####         1%          1    None

Your spell library contained the following spells:

 Spells                   Type           Power        Failure   Level  Hunger
 Searing Ray              Conj           ####..       1%          2    ##.....
 Iskenderun's Mystic Bla  Conj           ####....     4%          4    ####...
 Dazzling Spray           Conj/Hex       ###...       9%          3    ###....
 Force Lance              Conj/Tloc      ###.....     28%         4    ####...
 Fulminant Prism          Conj/Hex       ###.......   28%         4    ####...


Dungeon Overview and Level Annotations

Branches:
Dungeon (1/1)

Altars:


Innate Abilities, Weirdness & Mutations

Your plain brown scales are hard. (AC +5)
You cannot fit into any form of body armour.
You are cold-blooded and may be slowed by cold attacks.
Scrolls take you a little longer to read.
You are frail. (-10% HP)
Your magical capacity is low. (-10% MP)
You are weak. (Str -2)


Message History

The neqoxec hits you.
* * * LOW HITPOINT WARNING * * *
Casting: Magic Dart (safe; 1% risk of failure)
Confirm with . or Enter, or press ? or * to list all spells.
You don't have enough magic to cast that spell.
Unknown command.
Unknown command.
Unknown command.
The neqoxec gestures.
The neqoxec gestures at you.
You feel dopey. Something feeds on your intellect!
The neqoxec barely misses you. The neqoxec gestures at you.
Strange energies course through your body.
You feel frail. The neqoxec gestures at you.
Strange energies course through your body.
You feel weaker. The neqoxec hits you.
You die...

###
#@###+#
#3#.##.##
553##'.<.+
.#≈#5
###.##
▓###≈##
#+# ####


You could see 2 neqoxecs, an iron imp, a quasit and a white imp.

Vanquished Creatures
  A neqoxec (D)
1 creature vanquished.

Notes
Turn   | Place    | Note
-------+----------+-------------------------------------------
     0 | D        | McKennaii the Draconian Conjurer began the quest for the
                  | Orb.
     0 | D        | Reached XP level 1. HP: 14/14 MP: 3/3
     1 | D        | Noticed a neqoxec
     1 | D        | Gained mutation: Scrolls take you a little longer to read.
                  | [a neqoxec]
     6 | D        | Gained mutation: Your magical capacity is low. (-10% MP) [a
                  | neqoxec]
    10 | D        | Killed a neqoxec
    10 | D        | Reached skill level 8 in Conjurations
    10 | D        | Reached XP level 2. HP: 9/20 MP: 0/6
    10 | D        | Reached XP level 3. HP: 12/26 MP: 0/8
    10 | D        | Reached XP level 4. HP: 15/33 MP: 0/9
    13 | D        | Noticed a neqoxec
    13 | D        | Noticed a neqoxec
    19 | D        | HP: 1/33 [neqoxec (1)]
    21 | D        | Gained mutation: You are frail. (-10% HP) [a neqoxec]
    22 | D        | Gained mutation: You are weak. (Str -2) [a neqoxec]
    23 | D        | Slain by a neqoxec

Levels and vault maps discovered:
D:        the_violet_keep_of_menkaure [sprint2_stairs_cluster_1,
          sprint2_shoproom, sprint2_temple, sprint2_basic_supplies,
          sprint2_obstacle_1, sprint2_obstacle_7, sprint2_obstacle_6,
          sprint2_obstacle_3, sprint2_obstacle_2, sprint2_timed_cluster_1,
          sprint2_smallroom_cluster_1, sprint2_smallroom_final_cluster_1,
          sprint2_transparent_cluster_1, sprint2_second_timed_cluster_1,
          sprint2_sniper_area_1, sprint2_heavy_combat_area_1,
          sprint2_mutation_trap_area_1, sprint2_forest_area_1,
          sprint2_light_combat_area_1, sprint2_behind_water_1,
          sprint2_near_end_vault_1]

Skill      XL: |  1 |
---------------+----+-----
Dodging        | 2 |  2.8
Stealth        | 2 |  2.8
Spellcasting   | 4 |  4.4
Conjurations   | 8 |  8.8

Action                   |  1- 3 |  4- 6 || total
-------------------------+-------+-------++-------
Melee: Unarmed           |     5 |     5 ||    10
       Tailslap          |     1 |       ||     1
 Cast: Magic Dart        |     3 |     1 ||     4
  Use: Potion            |     1 |       ||     1
Dodge: Dodged            |     2 |     3 ||     5
